Map: Dusk Towers

Players

Jocke

  • Race: Terran Terran
  • League: Gold

capac - Winner!

  • Race: Terran Terran
  • League: Gold

VOD

Have the link to the VOD?

Description

Time

  • Played on: May 4, 2016, 1:59 p.m.
  • Length: 15:41
Show
View Real Time Build Order
Export as new Build Order

Jocke Terran 

Build Orders: Reaper Expand, MMM Bio 

Get SALT Encoding   

  12  0:01  SCV  
  13  0:13  SCV  
  14  0:18  Supply Depot  
  14  0:25  SCV  
  15  0:31  Refinery  
  15  0:39  SCV  
  16  0:46  Barracks  
  16  0:52  SCV  
  17  1:04  SCV  
  18  1:11  Supply Depot  
  18  1:16  SCV  
  19  1:33  Orbital Command  
  19  1:34  Reaper  
  20  1:58  SCV, Command Center  
  21  2:10  Barracks Reactor  
  21  2:11  Factory  
  21  2:18  SCV  
  22  2:27  Refinery  
  22  2:30  SCV  
  23  2:42  SCV  
  23  3:04  Marine x2  
  25  3:18  Orbital Command  
  25  3:22  Marine x2  
  26  3:40  Barracks  
  26  3:41  Barracks  
  26  3:43  Barracks, SCV  
  26  3:44  Engineering Bay, SCV  
  26  3:47  Factory Tech Lab  
  28  3:50  Starport  
  28  3:54  Marine  
  28  3:55  Marine  
  30  3:56  SCV  
  31  4:08  Siege Tank, SCV  
  35  4:13  Supply Depot x2  
  35  4:15  Engineering Bay  
  35  4:25  Missile Turret  
  35  4:26  SCV  
  36  4:33  SCV  
  36  4:36  Missile Turret  
  37  4:47  Banshee  
  37  4:48  Missile Turret  
  37  4:49  Cloaking Field  
  41  4:52  SCV  
  41  4:53  SCV  
  42  5:00  Missile Turret, Factory Reactor  
  42  5:02  Barracks Reactor  
  42  5:04  Barracks Tech Lab  
  42  5:06  SCV  
  43  5:09  Refinery  
  43  5:10  Barracks Tech Lab, Refinery  
  43  5:19  Supply Depot, SCV x2  
  45  5:31  SCV  
  45  5:32  Stimpack  
  46  5:42  Marine x3  
  47  5:43  Marauder, Marine x2  
  53  5:51  Banshee  
  56  5:58  Widow Mine x2  
  56  6:00  Marine x4  
  56  6:01  Marauder  
  66  6:04  Marine  
  66  6:08  Concussive Shells  
  67  6:18  Marine x3  
  68  6:23  Supply Depot  
  70  6:27  Supply Depot  
  70  6:34  Supply Depot  
  70  6:44  Marine x4  
  74  6:51  Combat Shields  
  74  7:08  Marauder, Marine x3  
  77  7:09  Marauder  
  77  7:10  SCV  
  82  7:17  Command Center  
  82  7:21  Terran Infantry Weapons Level 1  
  82  7:22  Terran Infantry Armor Level 1  
  82  7:25  Medivac x2  
  86  7:36  Marauder, Marine x3  
  86  7:37  Marauder, Marine  
  94  7:56  Marine x2  
  94  7:57  Marine  
  94  8:25  Supply Depot  
  94  8:27  Supply Depot  
  94  8:28  Supply Depot, Marine x3, SCV x2, Medivac  
  94  8:29  Marauder x2  
  105  8:40  SCV x2  
  107  8:47  Marine  
  107  8:48  Marine x3  
  109  8:50  Marauder x2  
  115  9:00  Orbital Command  
  115  9:03  SCV x2  
  114  9:11  Marauder  
  114  9:15  SCV x2  
  118  9:21  Marine, Armory  
  118  9:22  Marauder, Marine x3  
  118  9:24  Refinery x2  
  124  9:27  SCV  
  125  9:33  Marauder  
  127  9:39  Marine, Siege Tank, Medivac  
  133  9:48  Supply Depot  
  133  9:50  Supply Depot  
  133  10:07  Terran Infantry Armor Level 2  
  133  10:08  Terran Infantry Weapons Level 2  
  133  10:09  Marine, SCV, Medivac  
  133  10:10  Marauder x2  
  133  10:11  Marine x3  
  133  10:12  Medivac  
  146  10:22  SCV  
  146  10:27  Marine  
  148  10:29  Marine, Command Center  
  149  10:49  Supply Depot  
  149  10:50  Supply Depot  
  149  10:52  Supply Depot  
  149  11:10  Marine x2, Medivac x2  
  149  11:11  Marauder, Marine x2  
  157  11:12  Widow Mine, Marauder  
  163  11:20  Supply Depot  
  163  11:25  Supply Depot  
  163  11:28  Marine x2  
  163  11:29  Marine x2  
  163  11:32  Marauder  
  169  11:33  Marauder  
  171  11:46  Marine x2  
  171  11:47  Marine x2  
  163  11:54  Marauder x2  
  167  12:00  Planetary Fortress  
  169  12:02  SCV x3  
  169  12:07  Marine x3  
  169  12:08  Refinery, Medivac x2  
  179  12:11  Refinery  
  179  12:14  SCV x2  
  179  12:15  Marauder  
  183  12:16  Marauder  
  183  12:22  Marine  
  186  12:24  Marine  
  186  12:27  Terran Infantry Weapons Level 3  
  187  12:34  Terran Infantry Armor Level 3  
  187  12:36  Marauder  
  189  12:37  Marauder  
  189  12:38  Medivac  
  193  12:44  SCV x2  
  193  12:45  SCV x2  
  197  12:55  Marine x3  
  200  13:17  Barracks  
  200  13:18  Barracks  
  200  13:19  Barracks  
  200  13:20  Barracks  
  147  13:50  Marauder, Marine x4  
  147  13:51  Marauder  
  139  14:02  Viking x2  
  143  14:03  Marine  
  143  14:05  Barracks Tech Lab, Barracks Reactor  
  143  14:08  Marine x5  
  149  14:10  Thor  
  149  14:12  Marauder x2  
  152  14:24  Marine  
  146  14:26  Marine x4  
  146  14:29  Barracks Tech Lab  
  146  14:31  Barracks Reactor  
  149  14:32  Medivac x2  
  149  14:33  Marauder x2  
  137  14:43  Marine x2  
  137  14:44  Marine x2  
  118  14:47  Marine x2  
  118  14:48  Marauder x2  
  103  14:55  Marauder x2  
  98  15:01  Marine x2  
  98  15:02  Marine x2, Medivac x2  
  98  15:05  Marine x2  
  104  15:09  Marauder  
  104  15:10  Marauder  
  104  15:11  SCV  
  104  15:12  SCV  
  105  15:16  Marauder x2  
  105  15:19  Marine x4  
Show
View Real Time Build Order
Export as new Build Order

capac Terran - Winner!

Build Orders: Reaper Expand, MMM Bio 

Get SALT Encoding   

  12  0:00  SCV  
  13  0:13  SCV  
  14  0:18  Supply Depot  
  14  0:25  SCV  
  15  0:39  SCV  
  15  0:40  Barracks  
  16  0:45  Refinery  
  16  0:51  SCV  
  17  1:03  SCV  
  18  1:15  SCV  
  19  1:28  Orbital Command  
  19  1:29  Reaper  
  20  1:40  Command Center  
  20  1:51  Supply Depot  
  20  1:53  SCV  
  21  2:07  Factory, Marine  
  22  2:12  Refinery  
  22  2:20  Barracks  
  22  2:23  SCV  
  23  2:32  Barracks Reactor  
  23  2:35  SCV  
  23  2:55  Hellion  
  23  3:19  Factory Tech Lab  
  22  3:20  SCV  
  22  3:22  Orbital Command  
  22  3:28  Marine x2  
  22  3:29  Barracks Tech Lab  
  22  3:32  Barracks  
  24  3:40  Starport  
  24  3:45  Siege Tank  
  24  3:48  Marine x2  
  27  3:50  Marine  
  27  3:53  SCV x2  
  32  4:05  SCV x2  
  34  4:12  Stimpack  
  34  4:17  Marine x2  
  34  4:19  Marine  
  37  4:28  Medivac  
  40  4:31  SCV x2  
  40  4:34  Supply Depot  
  40  4:36  Barracks  
  41  4:40  Marine x4  
  41  4:43  SCV  
  46  4:55  SCV  
  46  4:57  Supply Depot, Siege Tank  
  50  5:00  Starport Reactor  
  50  5:05  Marine x2  
  52  5:08  Barracks Reactor  
  52  5:09  Marine  
  52  5:14  Refinery  
  53  5:17  SCV  
  53  5:18  SCV  
  53  5:19  Engineering Bay  
  55  5:23  Supply Depot  
  55  5:27  Marine x2  
  57  5:30  Barracks Reactor  
  57  5:38  SCV  
  57  5:39  SCV  
  57  5:42  Refinery  
  59  5:44  Medivac  
  59  5:49  Supply Depot  
  61  5:53  Missile Turret  
  61  5:56  Missile Turret  
  61  5:59  SCV x2  
  61  6:00  Siege Tank  
  66  6:10  Marine x4  
  70  6:11  SCV  
  71  6:21  Supply Depot  
  71  6:22  Viking  
  71  6:25  Viking  
  75  6:32  SCV x2  
  77  6:47  Supply Depot  
  76  6:57  Missile Turret  
  76  7:03  Missile Turret  
  76  7:05  Missile Turret  
  76  7:06  Viking  
  76  7:07  Viking  
  76  7:08  Marine x6  
  82  7:10  Marine  
  87  7:18  Terran Infantry Weapons Level 1, Supply Depot  
  87  7:22  SCV x2  
  89  7:38  SCV x2  
  89  7:42  Medivac  
  89  7:43  Medivac  
  95  7:44  Siege Tank  
  98  7:57  SCV x2  
  100  7:58  Marine  
  100  7:59  Marine  
  100  8:04  Supply Depot  
  102  8:07  Marine x5  
  102  8:08  Supply Depot  
  107  8:15  Armory  
  107  8:17  Engineering Bay  
  107  8:24  Starport  
  107  8:28  Supply Depot  
  107  8:36  SCV x2  
  109  8:46  Terran Infantry Armor Level 1  
  109  8:55  SCV  
  109  8:56  SCV  
  111  9:03  Starport Reactor  
  111  9:09  Medivac x2  
  115  9:10  Marine x2  
  115  9:11  Marine x4  
  115  9:13  Marauder  
  123  9:36  Marine x6  
  123  9:37  Marauder  
  131  10:04  Marine x2  
  131  10:05  Marine, Liberator x3  
  134  10:08  Combat Shields  
  134  10:10  Terran Infantry Weapons Level 2  
  134  10:15  Supply Depot  
  134  10:19  Marine x3, Liberator  
  134  10:20  Siege Tank  
  149  10:36  Command Center  
  152  10:44  Factory  
  152  10:54  Barracks  
  152  11:01  Terran Infantry Armor Level 2  
  152  11:03  Terran Ship Weapons Level 1  
  152  11:22  Siege Tank  
  155  11:27  Medivac  
  155  11:31  Liberator x3  
  157  11:36  Supply Depot  
  157  11:38  Supply Depot  
  157  11:40  Concussive Shells  
  157  11:42  Marine  
  157  11:45  Barracks Tech Lab  
  158  11:48  Marauder, Marine x2  
  171  11:55  Command Center  
  171  11:59  Missile Turret  
  171  12:03  Missile Turret  
  171  12:08  Factory Tech Lab  
  171  12:22  Orbital Command  
  171  12:26  Liberator x3  
  180  13:01  Barracks  
  180  13:27  Refinery  
  180  13:28  Refinery  
  149  14:01  Marine x4  
  149  14:02  Marine x4  
  156  14:19  Marine x8  
  162  14:36  Marine  
  162  14:37  Marine x4  
  145  14:50  Marine x3  
  148  14:54  Marine  
  148  14:55  Marine x4  
  148  15:08  Marine  
  148  15:13  Marine x4  
  148  15:14  Marine x3  
Tags
 
Add a new tag
Caveats
  • Supply blocks, unpowered buildings, or Contaminate may cause inaccurate times.
  • Supply counts are checked every 10 seconds.